 Dungeon Sprint DCSS version 0.28-a0-1395-g4f6bc678fa (webtiles) character file.

Game seed: 2758484552869038116

490004 HallandMoats the End of an Era (level 20, 129/133 HPs)
             Began as a Vine Stalker Monk on Jan 4, 2022.
             Was the Champion of Qazlal.
             Escaped with the Orb!
             The game lasted 00:24:27 (4904 turns).

HallandMoats the End of an Era (Vine Stalker Monk)  Turns: 4904, Time: 00:24:28

Health: 129/133    AC: 43    Str: 24    XL:     20   Next: 3%
Magic:  38/38      EV: 18    Int:  8    God:    Qazlal [******]
Gold:   0          SH: 50    Dex: 24    Spells: 19/19 levels left

rFire   . . .      SeeInvis +   z - +14 obsidian axe {vorpal, Mesm Drain Fly SInv}
rCold   + + +      Faith    .   A - +18 shield of the Gong {rElec rN+ Will+ EV-5}
rNeg    + + .      Spirit   +   h - +5 gold dragon scales
rPois   +          Reflect  +   (no helmet)
rElec   +          Harm     .   (no cloak)
rCorr   .          Rampage  .   (no gloves)
Will    +++..      NoTele   +   x - +2 pair of boots of the Sea {rElec rC+}
Stlth   ..........              b - amulet of Laduckan {Reflect rF- Regen+ Dex+4 SH+5}
HPRegen 1.92/turn               F - ring "Hataogaff" {rC+++ rN+ Str+4 Int-2}
MPRegen 0.26/turn               C - ring of the Tortoise {AC+8}

@: flying, studying 5 skills, repel missiles
A: fangs 3, regeneration 1, magic shield, antimagic bite, no potion heal 2,
deterioration 1
0: Orb of Zot
a: Renounce Religion, Upheaval, Elemental Force, Disaster Area


You escaped.
You worshipped Qazlal.
Qazlal was exalted by your worship.
You visited 1 branch

Inventory:

Hand Weapons
 z - the +14 obsidian axe (weapon) {vorpal, Mesm Drain Fly SInv}
   (You found it in the Dungeon)

   It inflicts extra damage upon your enemies.
   It occasionally summons demons to assist the wielder when it strikes in
   combat.
   Its wielder is mesmerised by any visible foes.
   It cannot be unequipped while any foes are visible.
   SInv:      It lets you see invisible.
   Fly:       It grants you flight.
   Drain:     It drains your maximum health when unequipped.
Armour
 h - +5 gold dragon scales (worn)
 x - the +2 pair of boots of the Sea (worn) {rElec rC+}
   (You found it in the Dungeon)

   rC:        It protects you from cold.
   rElec:     It insulates you from electricity.
 A - the +18 shield of the Gong (worn) {rElec rN+ Will+ EV-5}
   (You found it in the Dungeon)

   It is deafeningly noisy when blocking attacks.
   EV:        It affects your evasion (-5).
   rElec:     It insulates you from electricity.
   rN:        It protects you from negative energy.
   Will:      It increases your willpower.
Jewellery
 b - the amulet of Laduckan (around neck) {Reflect rF- Regen+ Dex+4 SH+5}
   (You found it in the Dungeon)

   [amulet of reflection]

   It reflects blocked missile attacks.
   Dex:       It affects your dexterity (+4).
   rF:        It makes you vulnerable to fire.
   Regen:     It increases your rate of health regeneration.
   SH:        It affects your SH (+5).
 j - a ring of flight
 l - a +4 ring of slaying
 p - the amulet of Vitality {Regen+ HP+15}
   (You found it in the Dungeon)

   [amulet of regeneration]

   HP:        It affects your health (+15).
   Regen:     It increases your rate of health regeneration.
 t - the amulet "Doigg" {RegenMP rC+ rN+ Stlth+}
   (You found it in the Dungeon)

   [amulet of magic regeneration]

   It increases your rate of magic regeneration.
   rC:        It protects you from cold.
   rN:        It protects you from negative energy.
   Stlth:     It makes you more stealthy.
 u - the brooch of Shielding {Spirit SH+8}
   (You found it in the Dungeon)

   [amulet of guardian spirit]

   It causes incoming damage to be divided between your reserves of health and
   magic.
   SH:        It affects your SH (+8).
 v - the amulet "Eriwid" {Regen+ Str+3}
   (You found it in the Dungeon)

   [amulet of regeneration]

   Str:       It affects your strength (+3).
   Regen:     It increases your rate of health regeneration.
 w - the ring "Jylul" {Fire Fly rElec Stlth+}
   (You found it in the Dungeon)

   [ring of fire]

   It enhances your fire magic.
   rF:        It protects you from fire.
   rC:        It makes you vulnerable to cold.
   rElec:     It insulates you from electricity.
   Fly:       It grants you flight.
   Stlth:     It makes you more stealthy.
 y - the amulet of Icryfib {Will+ Regen+}
   (You found it in the Dungeon)

   [amulet of regeneration]

   Regen:     It increases your rate of health regeneration.
   Will:      It increases your willpower.
 B - the ring of Youthful Indiscretion {Drain rPois Str+2 Dex+6}
   (You found it in the Dungeon)

   [ring of dexterity]

   Str:       It affects your strength (+2).
   Dex:       It affects your dexterity (+6).
   rPois:     It protects you from poison.
   Drain:     It drains your maximum health when unequipped.
 C - the ring of the Tortoise (right hand) {AC+8}
   (You took it off a merfolk aquamancer in the Dungeon)

   [ring of protection]

   AC:        It affects your AC (+8).
 D - the amulet of Harmony {Spirit rPois rF++ rC- Dex+3}
   (You found it in the Dungeon)

   [amulet of guardian spirit]

   It causes incoming damage to be divided between your reserves of health and
   magic.
   Dex:       It affects your dexterity (+3).
   rF:        It greatly protects you from fire.
   rC:        It makes you vulnerable to cold.
   rPois:     It protects you from poison.
 E - the amulet of Wairuic {Acrobat rN+ Dex+4}
   (You found it in the Dungeon)

   [amulet of the acrobat]

   It increases your evasion while moving and waiting.
   Dex:       It affects your dexterity (+4).
   rN:        It protects you from negative energy.
 F - the ring "Hataogaff" (left hand) {rC+++ rN+ Str+4 Int-2}
   (You found it in the Dungeon)

   [ring of positive energy]

   Str:       It affects your strength (+4).
   Int:       It affects your intelligence (-2).
   rC:        It renders you almost immune to cold.
   rN:        It protects you from negative energy.
Scrolls
 a - 10 scrolls of brand weapon
 g - 4 scrolls of blinking
 n - 4 scrolls of amnesia
 o - 6 scrolls of fog
 q - 5 scrolls of identify
 r - 2 scrolls of fear
 s - 4 scrolls of enchant weapon
Potions
 c - 10 potions of curing
 d - 16 potions of haste
 e - 2 potions of magic
 f - 3 potions of berserk rage
 i - 2 potions of brilliance
 k - 2 potions of resistance
 m - 3 potions of might


   Skills:
 + Level 24.7 Fighting
 + Level 24.7 Axes
 * Level 26.9 Armour
 * Level 26.9 Dodging
 - Level 2.4 Stealth
 + Level 25.8 Shields
 O Level 27 Invocations


You had 19 spell levels left.
You didn't know any spells.
Your spell library contained the following spells:

 Spells                   Type           Power      Damage    Failure   Level
 Animate Skeleton         Necr           0%         N/A       97%         1
 Apportation              Tloc           0%         N/A       97%         1
 Foxfire                  Conj/Fire      0%         2x1d4     97%         1
 Magic Dart               Conj           0%         1d3       97%         1
 Sandblast                Erth           0%         2d4       97%         1
 Slow                     Hex            0%         N/A       97%         1
 Sting                    Tmut/Pois      0%         1d3       97%         1
 Summon Small Mammal      Summ           0%         N/A       97%         1
 Blink                    Tloc           0%         N/A       99%         2
 Call Imp                 Summ           0%         N/A       99%         2
 Corpse Rot               Necr/Air       0%         N/A       99%         2
 Ensorcelled Hibernation  Hex/Ice        0%         N/A       99%         2
 Passwall                 Tmut/Erth      0%         N/A       99%         2
 Poisonous Vapours        Pois/Air       0%         N/A       99%         2
 Searing Ray              Conj           0%         2d4       99%         2
 Static Discharge         Conj/Air       0%         N/A       99%         2
 Sublimation of Blood     Necr           0%         N/A       99%         2
 Call Canine Familiar     Summ           0%         N/A       100%        3
 Confusing Touch          Hex            0%         N/A       100%        3
 Conjure Flame            Conj/Fire      0%         6-21      100%        3
 Gell's Gravitas          Tloc           0%         N/A       100%        3
 Ignite Poison            Fire/Tmut/Pois 0%         N/A       100%        3
 Inner Flame              Hex/Fire       0%         N/A       100%        3
 Lesser Beckoning         Tloc           0%         N/A       100%        3
 Mephitic Cloud           Conj/Pois/Air  0%         N/A       100%        3
 Ozocubu's Armour         Ice            0%         N/A       100%        3
 Portal Projectile        Hex/Tloc       0%         N/A       100%        3
 Spider Form              Tmut/Pois      0%         N/A       100%        3
 Stone Arrow              Conj/Erth      0%         3d7       100%        3
 Summon Guardian Golem    Hex/Summ       0%         N/A       100%        3
 Swiftness                Air            0%         N/A       100%        3
 Teleport Other           Tloc           0%         N/A       100%        3
 Tukima's Dance           Hex            0%         N/A       100%        3
 Animate Armour           Summ/Erth      0%         N/A       100%        4
 Animate Dead             Necr           0%         N/A       100%        4
 Dispel Undead            Necr           0%         3d6       100%        4
 Flame Wave               Conj/Fire      0%         2d4       100%        4
 Fulminant Prism          Conj/Hex       0%         3d6       100%        4
 Hailstorm                Conj/Ice       0%         3d3       100%        4
 Ice Form                 Ice/Tmut       0%         N/A       100%        4
 Iskenderun's Mystic Bla  Conj/Tloc      0%         2d3       100%        4
 Leda's Liquefaction      Hex/Erth       0%         N/A       100%        4
 Olgreb's Toxic Radiance  Pois           0%         N/A       100%        4
 Petrify                  Tmut/Erth      0%         N/A       100%        4
 Sticky Flame             Conj/Fire      0%         2d3       100%        4
 Summon Ice Beast         Ice/Summ       0%         N/A       100%        4
 Summon Lightning Spire   Summ/Air       0%         N/A       100%        4
 Agony                    Necr           0%         N/A       100%        5
 Alistair's Intoxication  Tmut/Pois      0%         N/A       100%        5
 Borgnjor's Vile Clutch   Necr/Erth      0%         N/A       100%        5
 Fireball                 Conj/Fire      0%         3d3       100%        5
 Freezing Cloud           Conj/Ice/Air   0%         6-21      100%        5
 Irradiate                Conj/Tmut      0%         3d13      100%        5
 Iskenderun's Battlesphe  Conj           0%         2d6       100%        5
 Lee's Rapid Deconstruct  Erth           0%         3d5*      100%        5
 Lightning Bolt           Conj/Air       0%         1d11      100%        5
 Manifold Assault         Tloc           0%         N/A       100%        5
 Metabolic Englaciation   Hex/Ice        0%         N/A       100%        5
 Silence                  Hex/Air        0%         N/A       100%        5
 Summon Forest            Summ/Tloc      0%         N/A       100%        5
 Summon Mana Viper        Hex/Summ       0%         N/A       100%        5
 Yara's Violent Unravell  Hex/Tmut       0%         3d3       100%        5
 Conjure Ball Lightning   Conj/Air       0%         3x3d6     100%        6
 Death Channel            Necr           0%         N/A       100%        6
 Dispersal                Tloc           0%         N/A       100%        6
 Eringya's Noxious Bog    Tmut/Pois      0%         N/A       100%        6
 Iron Shot                Conj/Erth      0%         9d1       100%        6
 Simulacrum               Ice/Necr       0%         N/A       100%        6
 Starburst                Conj/Fire      0%         6d3       100%        6
 Statue Form              Tmut/Erth      0%         N/A       100%        6
 Summon Cactus Giant      Summ           0%         N/A       100%        6
 Enfeeble                 Hex            0%         N/A       100%        7
 Haunt                    Necr/Summ      0%         N/A       100%        7
 Malign Gateway           Summ/Tloc      0%         N/A       100%        7
 Monstrous Menagerie      Summ           0%         N/A       100%        7
 Orb of Destruction       Conj           0%         N/A       100%        7
 Ozocubu's Refrigeration  Ice            0%         4d5       100%        7
 Spellforged Servitor     Conj/Summ      0%         N/A       100%        7
 Storm Form               Tmut/Air       0%         N/A       100%        7
 Summon Hydra             Summ           0%         N/A       100%        7
 Borgnjor's Revivificati  Necr           0%         N/A       100%        8
 Discord                  Hex            0%         N/A       100%        8
 Disjunction              Tloc           0%         N/A       100%        8
 Ignition                 Fire           0%         3d3       100%        8
 Infestation              Necr           0%         N/A       100%        8
 Lehudib's Crystal Spear  Conj/Erth      0%         10d2      100%        8
 Maxwell's Capacitive Co  Air            0%         ∞         100%        8
 Necromutation            Tmut/Necr      0%         N/A       100%        8
 Summon Horrible Things   Summ           0%         N/A       100%        8
 Chain Lightning          Conj/Air       0%         N/A       100%        9
 Death's Door             Necr           0%         N/A       100%        9
 Dragon's Call            Summ           0%         N/A       100%        9
 Fire Storm               Conj/Fire      0%         5d1       100%        9


Dungeon Overview and Level Annotations

Branches:
Dungeon (1/1)

Altars:
Ashenzari
Cheibriados
Dithmenos
Elyvilon
Fedhas
Gozag
Hepliaklqana
Kikubaaqudgha
Makhleb
Nemelex Xobeh
Okawaru
Qazlal
Ru
Sif Muna
Trog
Uskayaw
Vehumet
Wu Jian
Xom
Yredelemnul
Zin
The Shining One
Beogh
Jiyva
Lugonu


Innate Abilities, Weirdness & Mutations

You have razor-sharp teeth.
Your natural rate of healing is unusually fast.
When hurt, damage is shared between your health and your magic reserves.
Your bite disrupts and absorbs the magic of your enemies.
Potions cannot restore your health.
Your body sometimes deteriorates upon taking damage.


Message History

You slice the Tzitzimitl!!
You bite the Tzitzimitl, but do no damage.
The Tzitzimitl is heavily wounded.
Unknown command.
Unknown command.
You slice the Tzitzimitl!! You bite the Tzitzimitl!
The Tzitzimitl's magic leaks into the air.
You drain its magic.
You feel invigorated.
The Tzitzimitl is severely wounded.
You block the Tzitzimitl's attack.
SHROANNG!
You block the Tzitzimitl's attack.
BOUMMMMG!
You slice the Tzitzimitl!!
You break out of your daze!
You kill the Tzitzimitl!
Qazlal accepts your kill.
Your life force feels restored.
Unknown command.
You hear a chilling moan.
Unknown command.
Unknown command.
You hear a roar!
You hear a chilling moan.
You hear a roar!
Something roars, "Decamp lest death find thee!"
You hear a chilling moan.
You hear a shout!
You hear a shout!
You hear a chilling moan.
You hear a roar!
There is a staircase leading out of the dungeon here.
You start resting.
You hear a chilling moan.
You hear a roar!
You hear a bellow!
You hear a chilling moan.
You hear a shout! x2
You hear a chilling moan.
You hear a shout! x2
You hear a roar! x2
Magic restored.
You hear a chilling moan.
You hear a shout!
Unknown command.
You hear a bellow!
You hear a chilling moan.
You have escaped!

............▓.............▓...8©8
....†.......▓..▓....[..▓..▓..))).
.....†......▓.............▓..|.|.
......††....▓.....§.......▓....))
............▓....§.©......▓....††
............▓▓▓▓▓▓▓▓▓▓▓▓▓▓▓...†..
.....≈......▓8888888888888▓......
▓.......▓...▓8.).§.......8▓....†.
.≈...≈......▓8○○@...).©..8▓.▓....
...≈........▓8..).)......8▓....©.
....©.......▓8888888888888▓▓▓▓▓▓▓
▓▓▓▓▓▓▓▓▓▓▓▓▓▓▓▓▓▓▓▓▓▓▓▓▓▓▓▓▓▓▓▓▓
.....8©8[.......▓...|)...8©8.)...
".|).=[.)=.:)):.▓......)|..)...|[
}.):")[})}..[=[.▓..}...|)}[)}[.)|
..."..[..[|)†[[.▓.).))|)).)..†|)(
.)..†}†.:.......▓..[.=[.)(....)..


There were no monsters in sight!

Vanquished Creatures
  An ancient lich (D)
  2 juggernauts (shapeshifter) (D)
  6 royal mummies (D)
  2 shard shrikes (D)
  6 shard shrikes (shapeshifter) (D)
  A profane servitor (D)
  2 Tzitzimimeh (D)
  3 pandemonium lords (D)
  A Brimstone Fiend (D)
  2 glowing shapeshifters (D)
  A hellephant (D)
  An iron giant (shapeshifter) (D)
  2 searing wretches (D)
  12 Orb Guardians (D)
  2 titans (shapeshifter) (D)
  16 Ice Fiends (D)
  An acid blob (shapeshifter) (D)
  2 titans (D)
  A shadow dragon (shapeshifter) (D)
  2 nagarajas (D)
  2 azure jellies (D)
  4 rockslimes (shapeshifter) (D)
  19 narguns (D)
  An emperor scorpion (D)
  2 frost giants (D)
  3 ghost moths (D)
  A demonspawn warmonger (D)
  5 balrugs (D)
  8 orc warlords (D)
  7 fire giants (D)
  A ghost moth (shapeshifter) (D)
  A cacodemon (D)
  A demonspawn corrupter (D)
  A broodmother (D)
  5 stone giants (D)
  2 bennus (D)
  12 wendigos (D)
  An entropy weaver (D)
  A minotaur (shapeshifter) (D)
  An ettin (D)
  3 merfolk impalers (D)
  4 merfolk javelineers (D)
  3 naga warriors (D)
  2 mummy priests (D)
  3 fire dragons (D)
  A hell beast (D)
  A salamander tyrant (D)
  4 ice dragons (D)
  A radroach (shapeshifter) (D)
  6 anacondas (D)
  3 hydras (D)
  3 two-headed ogres (shapeshifter) (D)
  A radroach (D)
  A stoker (D)
  An anaconda (shapeshifter) (D)
  3 merfolk aquamancers (D)
  A satyr (shapeshifter) (D)
  A death scarab (D)
  9 orc high priests (D)
  12 hell hogs (D)
  4 deep elf knights (D)
  A sun demon (D)
  2 sixfirhies (D)
  3 steelbarb worms (shapeshifter) (D)
  2 pharaoh ants (D)
  A sun moth (D)
  2 death drakes (shapeshifter) (D)
  4 death drakes (D)
  3 orb spiders (D)
  A sea snake (shapeshifter) (D)
  2 orb spiders (shapeshifter) (D)
  2 swamp dragons (D)
  A lindwurm (shapeshifter) (D)
  2 deep trolls (shapeshifter) (D)
  A steelbarb worm (D)
  3 glowing orange brains (shapeshifter) (D)
  A lindwurm (D)
  3 shadow demons (D)
  A deep elf zephyrmancer (D)
  8 orc knights (D)
  2 mana vipers (shapeshifter) (D)
  An ugly thing (D)
  5 orc sorcerers (D)
  A wolf spider (D)
  A manticore (D)
  A shining eye (shapeshifter) (D)
  4 fauns (shapeshifter) (D)
  A moth of wrath (D)
  2 manticores (shapeshifter) (D)
  An elephant (shapeshifter) (D)
  2 torpor snails (D)
  An eye of devastation (shapeshifter) (D)
  2 torpor snails (shapeshifter) (D)
  2 water nymphs (D)
  7 black mambas (D)
  A cane toad (shapeshifter) (D)
  2 water nymphs (shapeshifter) (D)
  11 guardian serpents (D)
  10 naga magi (D)
  3 smoke demons (D)
  2 rime drakes (shapeshifter) (D)
  An orange demon (D)
  3 hellions (D)
  2 efreet (D)
  A demonic crawler (D)
  3 komodo dragons (D)
  A komodo dragon (shapeshifter) (D)
  A freezing wraith (D)
  2 tormentors (D)
  A yaktaur (shapeshifter) (D)
  A red devil (D)
  6 guardian mummies (D)
  A troll (shapeshifter) (D)
  4 trolls (D)
  A merfolk (shapeshifter) (D)
  A raiju (shapeshifter) (D)
  2 tarantellas (D)
  4 hornets (D)
  A slime creature (shapeshifter) (D)
  A dream sheep (shapeshifter) (D)
  A blink frog (D)
  2 slime creatures (D)
  4 snapping turtles (D)
  2 wind drakes (shapeshifter) (D)
  A jumping spider (D)
  2 jumping spiders (shapeshifter) (D)
  3 flying skulls (D)
  3 water elementals (D)
  A culicivora (D)
  A wyvern (shapeshifter) (D)
  A basilisk (shapeshifter) (D)
  2 hogs (shapeshifter) (D)
  A fire elemental (D)
  2 golden eyes (shapeshifter) (D)
  5 wyverns (D)
  3 yaks (shapeshifter) (D)
  3 ushabtiu (D)
  A golden eye (D)
  8 steam dragons (D)
  2 neqoxecs (D)
  2 redbacks (D)
  3 redbacks (shapeshifter) (D)
  6 wargs (D)
  7 nagas (D)
  A swamp worm (shapeshifter) (D)
  11 water moccasins (D)
  4 hell hounds (D)
  A floating eye (shapeshifter) (D)
  A floating eye (D)
  15 orc warriors (D)
  6 swamp drakes (D)
  A black bear (shapeshifter) (D)
  2 wolves (D)
  14 ogres (D)
  2 bullfrogs (D)
  8 orc priests (D)
  9 orc wizards (D)
  8 mummies (D)
  A gnoll (shapeshifter) (D)
  An adder (shapeshifter) (D)
  4 adders (D)
  3 adder skeletons (D)
  A dart slug (shapeshifter) (D)
  2 adder simulacra (D)
  7 orcs (D)
  A bat skeleton (D)
  3 endoplasms (D)
  5 ball pythons (D)
  A ball python skeleton (D)
  A ball python zombie (D)
  A bat simulacrum (D)
  A giant cockroach zombie (D)
  2 fire vortices (D)
536 creatures vanquished.

Vanquished Creatures (collateral kills)
  A royal mummy (D)
  A hellephant (D)
  2 nagarajas (D)
  A naga warrior (D)
  A hydra (D)
  4 anacondas (D)
  A shining eye (D)
  3 guardian serpents (D)
  3 naga magi (D)
  An eye of devastation (D)
  An ice devil (D)
  A slime creature (D)
  A neqoxec (D)
  2 nagas (D)
  2 water moccasins (D)
  An ogre (D)
  A jelly (D)
  An orc priest (D)
  An orc wizard (D)
  An orc (D)
  A fire vortex (D)
31 creatures vanquished.

Vanquished Creatures (others)
  A Brimstone Fiend (D)
  An Orb Guardian (D)
  A lich (D)
  An Executioner (D)
  A minotaur (D)
  A fire dragon (D)
  A smoke demon (D)
  4 large abominations (D)
  An orange demon (D)
  A tormentor (D)
  An ice devil (D)
  2 hellwings (D)
  A ynoxinul (D)
  A fire bat (shapeshifter) (D)
  4 neqoxecs (D)
  A water moccasin (D)
  An adder (D)
  A ball python (D)
  A bat zombie (D)
  A fire vortex (D)
27 creatures vanquished.

Grand Total: 594 creatures vanquished

Notes
Turn   | Place    | Note
-------+----------+-------------------------------------------
     0 | D        | HallandMoats the Vine Stalker Monk began the quest for the
                  | Orb.
     0 | D        | Reached XP level 1. HP: 11/11 MP: 2/2
     5 | D        | Found a shimmering blue altar of Sif Muna.
     5 | D        | Found a sacrificial altar of Ru.
     5 | D        | Found a bloodstained altar of Trog.
     5 | D        | Found a stormy altar of Qazlal.
     5 | D        | Found an iron altar of Okawaru.
     5 | D        | Found a sparkling altar of Nemelex Xobeh.
     5 | D        | Found a blossoming altar of Fedhas.
     5 | D        | Found the +6 Majin-Bo {vamp, MP+6 Int+6}
     5 | D        | Found the +9 heavy crossbow "Sniper" {vorpal, Acc+∞ SInv}
     5 | D        | Found the +10 dark maul {vorpal}
     5 | D        | Found the +15 Maxwell's patent armour {-Cast -Tele rElec
                  | Will+ rCorr}
     5 | D        | Found the +18 shield of the Gong {rElec rN+ Will+ EV-5}
     5 | D        | Found the +14 obsidian axe {vorpal, Mesm Drain Fly SInv}
     5 | D        | Found the +7 great mace "Firestarter" {inner flame, rF++}
     5 | D        | Found the +6 shillelagh "Devastator" {shatter}
     5 | D        | Found the +11 plutonium sword {Contam Stlth-}
     5 | D        | Found the +8 lance "Wyrmbane" {slay drac, rPois rF+ rC+
                  | AC+3}
     5 | D        | Found the +9 sword of Zonguldrok {reap}
     5 | D        | Found the +13 scythe of Curses {drain, Drain}
     5 | D        | Found the +5 sword of Power {vorpal}
     5 | D        | Found the +7 mace of Variability {chain chaos}
     5 | D        | Found the +7 Singing Sword {vorpal, sonic wave}
     5 | D        | Found the +8 storm bow {elec, penet}
     7 | D        | Found a transporter.
     7 | D        | Found an ancient bone altar of Kikubaaqudgha.
     7 | D        | Found a viscous altar of Jiyva.
     7 | D        | Found a corrupted altar of Lugonu.
     7 | D        | Found a hazy altar of Hepliaklqana.
     7 | D        | Found a burning altar of Makhleb.
     7 | D        | Found an opulent altar of Gozag.
    50 | D        | Became a worshipper of Qazlal Stormbringer
    50 | D        | Reached * piety under Qazlal
    50 | D        | Reached ** piety under Qazlal
    59 | D        | Entered arena 2.
    59 | D        | Found the +9 staff of Wucad Mu {*channel}
    59 | D        | Noticed a golden eye
    59 | D        | Found a transporter.
    64 | D        | Killed a golden eye
    65 | D        | Reached skill level 5 in Invocations
    65 | D        | Reached XP level 2. HP: 17/17 MP: 2/6
    65 | D        | Reached XP level 3. HP: 21/21 MP: 2/7
    65 | D        | Gained mutation: Your natural rate of healing is unusually
                  | fast. [Vine Stalker growth]
    65 | D        | Reached XP level 4. HP: 25/25 MP: 2/8
    65 | D        | Reached XP level 5. HP: 29/29 MP: 2/9
    65 | D        | Reached skill level 11 in Invocations
    65 | D        | Reached XP level 6. HP: 33/33 MP: 2/15
    71 | D        | Entered arena 3.
    71 | D        | Found a transporter.
    76 | D        | Reached *** piety under Qazlal
   160 | D        | Entered arena 4.
   160 | D        | Found a transporter.
   166 | D        | Reached **** piety under Qazlal
   183 | D        | Entered arena 5.
   183 | D        | Found a transporter.
   187 | D        | Reached skill level 12 in Invocations
   189 | D        | Reached XP level 7. HP: 38/38 MP: 15/17
   194 | D        | Entered arena 6.
   194 | D        | Found a transporter.
   196 | D        | Reached ***** piety under Qazlal
   198 | D        | Reached skill level 5 in Axes
   208 | D        | Entered arena 7.
   209 | D        | Found a transporter.
   212 | D        | Reached skill level 5 in Fighting
   221 | D        | Got the Guide on Toxins and the Entourage
   224 | D        | Entered arena 8.
   224 | D        | Noticed a neqoxec
   224 | D        | Noticed a yak
   224 | D        | Noticed a purple ugly thing
   224 | D        | Noticed a troll
   224 | D        | Noticed a neqoxec
   224 | D        | Noticed a komodo dragon
   225 | D        | Found a transporter.
   226 | D        | Killed a yak
   226 | D        | Reached ****** piety under Qazlal
   226 | D        | Killed a neqoxec
   226 | D        | Killed a troll
   227 | D        | Reached skill level 5 in Dodging
   227 | D        | Reached skill level 5 in Shields
   227 | D        | Reached skill level 13 in Invocations
   227 | D        | Gained mutation: You have razor-sharp teeth. [Vine Stalker
                  | growth]
   227 | D        | Reached XP level 8. HP: 44/44 MP: 5/18
   230 | D        | Killed a purple ugly thing
   231 | D        | Reached skill level 5 in Armour
   231 | D        | Reached XP level 9. HP: 44/49 MP: 5/20
   231 | D        | Killed a komodo dragon
   232 | D        | Reached skill level 14 in Invocations
   238 | D        | Got the amulet of Laduckan {Reflect rF- Regen+ Dex+4 SH+5}
   322 | D        | Entered arena 9.
   323 | D        | Found a transporter.
   335 | D        | Entered arena 10.
   335 | D        | Noticed a deep elf knight
   335 | D        | Noticed a deep elf knight
   335 | D        | Noticed a deep elf knight
   335 | D        | Noticed a cyclops
   335 | D        | Noticed a deep elf zephyrmancer
   335 | D        | Noticed a deep elf knight
   336 | D        | Killed a deep elf knight
   336 | D        | Killed a deep elf knight
   336 | D        | Killed a deep elf zephyrmancer
   337 | D        | Reached skill level 15 in Invocations
   337 | D        | Reached XP level 10. HP: 56/56 MP: 12/22
   337 | D        | Found a transporter.
   337 | D        | Killed a deep elf knight
   341 | D        | Killed a deep elf knight
   341 | D        | Noticed an orb spider
   341 | D        | a cyclops changed into an orb spider
   345 | D        | Killed an orb spider
   363 | D        | Entered arena 11.
   363 | D        | Noticed a shining eye
   363 | D        | Noticed an eye of devastation
   364 | D        | Found a transporter.
   366 | D        | Reached skill level 16 in Invocations
   368 | D        | Gained mutation: Your body sometimes deteriorates upon
                  | taking damage. [a shining eye]
   370 | D        | Killed a shining eye
   371 | D        | Reached XP level 11. HP: 62/62 MP: 22/24
   382 | D        | Got the ring "Usso" {AC+4 Stlth+}
   384 | D        | Got the Grimoire of Twisted Calling
   387 | D        | Entered arena 12.
   387 | D        | Noticed a fire dragon
   387 | D        | Noticed a fire giant
   387 | D        | Noticed a hell hog
   387 | D        | Noticed a fire dragon
   387 | D        | Noticed a fire dragon
   388 | D        | Noticed a fire giant
   389 | D        | Killed a fire dragon
   389 | D        | Killed a fire giant
   389 | D        | Killed a hell hog
   389 | D        | Killed a fire dragon
   390 | D        | Reached skill level 10 in Fighting
   390 | D        | Reached skill level 10 in Axes
   390 | D        | Reached skill level 17 in Invocations
   390 | D        | Killed a fire dragon
   390 | D        | Killed a fire giant
   391 | D        | Found a transporter.
   398 | D        | Got the amulet "Doigg" {RegenMP rC+ rN+ Stlth+}
   499 | D        | Got the Grimoire of the Birds
   502 | D        | Entered arena 13.
   502 | D        | Noticed a hellephant
   502 | D        | Noticed a hell hog
   502 | D        | Noticed a fire giant
   502 | D        | Noticed a fire giant
   502 | D        | Noticed a hell hog
   502 | D        | Noticed a balrug
   502 | D        | Noticed a hell hog
   502 | D        | Noticed a hellephant
   503 | D        | Noticed a stoker
   503 | D        | Noticed a hell hog
   503 | D        | Noticed a balrug
   504 | D        | Killed a hell hog
   504 | D        | Killed a hell hog
   504 | D        | Killed a hell hog
   504 | D        | Killed a balrug
   504 | D        | Killed a fire giant
   504 | D        | Killed a fire giant
   505 | D        | Reached skill level 10 in Dodging
   505 | D        | Reached skill level 10 in Shields
   505 | D        | Reached skill level 18 in Invocations
   505 | D        | Reached XP level 12. HP: 39/70 MP: 5/26
   506 | D        | Killed a hellephant
   506 | D        | Killed a balrug
   507 | D        | Reached skill level 10 in Armour
   507 | D        | Reached skill level 19 in Invocations
   508 | D        | Killed a hell hog
   509 | D        | Found a transporter.
   513 | D        | Killed a stoker
   524 | D        | Killed a hellephant
   536 | D        | Got the +4 triple sword of Governance {holy, rElec Int+6}
   544 | D        | Entered arena 14.
   545 | D        | Noticed a four-headed hydra
   545 | D        | Noticed a seven-headed hydra
   546 | D        | Killed a seven-headed hydra
   546 | D        | Killed a four-headed hydra
   546 | D        | Noticed a fire dragon
   547 | D        | Reached XP level 13. HP: 75/75 MP: 19/27
   548 | D        | Found a transporter.
   553 | D        | Killed a fire dragon
   603 | D        | Entered arena 15.
   606 | D        | Reached skill level 20 in Invocations
   609 | D        | Found a transporter.
   619 | D        | Got the Reference Book on Supportive Feathers
   673 | D        | Entered arena 16.
   674 | D        | Noticed a royal mummy
   674 | D        | Noticed a royal mummy
   674 | D        | Noticed a royal mummy
   674 | D        | Noticed a royal mummy
   675 | D        | Noticed an emperor scorpion
   675 | D        | Noticed an emperor scorpion
   675 | D        | Noticed an emperor scorpion
   676 | D        | Killed a royal mummy
   677 | D        | Noticed an emperor scorpion
   678 | D        | Killed a royal mummy
   678 | D        | Killed a royal mummy
   678 | D        | Killed a royal mummy
   678 | D        | Noticed a royal mummy
   679 | D        | Reached skill level 21 in Invocations
   679 | D        | Reached XP level 14. HP: 24/82 MP: 8/29
   694 | D        | Killed a royal mummy
   697 | D        | Found a transporter.
   704 | D        | Got the amulet "Eriwid" {Regen+ Str+3}
   706 | D        | Got the +1 pair of boots of the Well-Known Queens {Int+3}
   716 | D        | Got the Papyrus of the Hidden Vale
   727 | D        | Entered arena 17.
   729 | D        | Noticed a searing wretch
   729 | D        | Noticed a fire giant
   729 | D        | Noticed a searing wretch
   729 | D        | Noticed a fire giant
   730 | D        | Killed a searing wretch
   730 | D        | Killed a fire giant
   730 | D        | Noticed a balrug
   731 | D        | Reached skill level 22 in Invocations
   731 | D        | Noticed a balrug
   734 | D        | Killed a fire giant
   734 | D        | Killed a balrug
   734 | D        | Killed a searing wretch
   735 | D        | Noticed a fire giant
   737 | D        | Found a transporter.
   740 | D        | Killed a balrug
   747 | D        | Killed a fire giant
   762 | D        | Got the ring of Youthful Indiscretion {Drain rPois Str+2
                  | Dex+6}
   768 | D        | Entered arena 18.
   774 | D        | Reached skill level 23 in Invocations
   777 | D        | Found a transporter.
   809 | D        | Entered arena 19.
   814 | D        | Reached skill level 15 in Fighting
   814 | D        | Reached skill level 15 in Axes
   814 | D        | Reached skill level 15 in Shields
   814 | D        | Reached XP level 15. HP: 81/90 MP: 19/31
   816 | D        | Reached skill level 24 in Invocations
   818 | D        | Found a transporter.
   835 | D        | Got the amulet of Icryfib {Will+ Regen+}
   903 | D        | Entered arena 20.
   907 | D        | Noticed a royal mummy
   907 | D        | Identified the ring of Otorghuiss {MP+9 Stlth+}
   907 | D        | Identified the +12 shortbow of Ezytid {flame, MP+9 SInv}
   909 | D        | Noticed a royal mummy
   911 | D        | Noticed an emperor scorpion
   911 | D        | Killed a royal mummy
   920 | D        | Noticed an emperor scorpion
   920 | D        | Noticed an emperor scorpion
   920 | D        | Noticed an emperor scorpion
   920 | D        | Noticed an emperor scorpion
   922 | D        | Killed a royal mummy
   924 | D        | Found a transporter.
  1046 | D        | Entered arena 21.
  1049 | D        | Identified the +8 battleaxe of the Dead {venom, rElec
                  | rPois}
  1051 | D        | Identified the +7 rapier of the Moon {venom, Fly}
  1051 | D        | Noticed an orc warlord
  1052 | D        | Killed an orc warlord
  1053 | D        | Reached skill level 15 in Dodging
  1053 | D        | Reached skill level 25 in Invocations
  1065 | D        | Found a transporter.
  1122 | D        | Entered arena 22.
  1126 | D        | Noticed an emperor scorpion
  1126 | D        | Found the amulet of Vitality {Regen+ HP+15}
  1126 | D        | Noticed a ghost moth
  1127 | D        | Noticed a ghost moth
  1127 | D        | Noticed a ghost moth
  1128 | D        | Reached skill level 15 in Armour
  1128 | D        | Killed a ghost moth
  1128 | D        | Killed a ghost moth
  1128 | D        | Killed a ghost moth
  1128 | D        | Killed an emperor scorpion
  1129 | D        | Reached skill level 26 in Invocations
  1129 | D        | Reached XP level 16. HP: 98/98 MP: 9/34
  1130 | D        | Found the +8 demon trident "Rift" {distort, reach+}
  1131 | D        | Found the brooch of Shielding {Spirit SH+8}
  1132 | D        | Found a transporter.
  1172 | D        | Got the Guide on Poisonous Battle Magic
  1174 | D        | Got the Papyrus of the Spatial Escort
  1185 | D        | Entered arena 23.
  1190 | D        | Noticed a rockslime
  1190 | D        | a glowing shapeshifter changed into a rockslime
  1191 | D        | Noticed a shard shrike
  1192 | D        | Noticed a juggernaut
  1192 | D        | Killed a shard shrike
  1192 | D        | Killed a rockslime
  1192 | D        | Killed a shard shrike
  1192 | D        | Killed a rockslime
  1192 | D        | Noticed a juggernaut
  1193 | D        | Reached skill level 27 in Invocations
  1193 | D        | Noticed a shard shrike
  1193 | D        | Noticed a rockslime
  1193 | D        | a juggernaut changed into a rockslime
  1194 | D        | Noticed a titan
  1194 | D        | a juggernaut changed into a titan
  1195 | D        | Noticed a rockslime
  1195 | D        | a shard shrike changed into a rockslime
  1195 | D        | Noticed a titan
  1195 | D        | a rockslime changed into a titan
  1196 | D        | Noticed a rockslime
  1196 | D        | a titan changed into a rockslime
  1197 | D        | Noticed a titan
  1200 | D        | Killed a rockslime
  1200 | D        | Noticed an acid blob
  1200 | D        | a titan changed into an acid blob
  1200 | D        | Noticed a shard shrike
  1200 | D        | a rockslime changed into a shard shrike
  1201 | D        | Killed a titan
  1201 | D        | an acid blob changed into an iron dragon
  1203 | D        | Found a transporter.
  1203 | D        | Noticed a titan
  1203 | D        | an iron dragon changed into a titan
  1206 | D        | Noticed a rockslime
  1206 | D        | a titan changed into a rockslime
  1209 | D        | Killed a shard shrike
  1210 | D        | Killed a rockslime
  1222 | D        | Got the amulet of Harmony {Spirit rPois rF++ rC- Dex+3}
  1231 | D        | Entered arena 24.
  1266 | D        | Found a transporter.
  1271 | D        | Got the amulet of Wairuic {Acrobat rN+ Dex+4}
  1286 | D        | Got the ring "Hataogaff" {rC+++ rN+ Str+4 Int-2}
  1303 | D        | Entered arena 25.
  1310 | D        | Noticed a nagaraja
  1310 | D        | Noticed a nagaraja
  1310 | D        | Found the +4 moon troll leather armour {Spirit, Regen++
                  | MP+5}
  1310 | D        | Noticed a nagaraja
  1312 | D        | Noticed a nagaraja
  1316 | D        | Reached XP level 17. HP: 102/105 MP: 33/35
  1341 | D        | Found a transporter.
  1346 | D        | Got the Guide on Ice and Earth
  1357 | D        | Got the Grimoire of Creative Poison
  1383 | D        | Entered arena 26.
  1391 | D        | Noticed a juggernaut
  1391 | D        | Noticed an acid blob
  1393 | D        | Killed a shard shrike
  1393 | D        | Killed an acid blob
  1393 | D        | Killed a juggernaut
  1394 | D        | Noticed a shard shrike
  1395 | D        | Noticed a juggernaut
  1395 | D        | Noticed a shard shrike
  1395 | D        | Noticed a shard shrike
  1395 | D        | Noticed a titan
  1395 | D        | a juggernaut changed into a titan
  1395 | D        | Noticed a titan
  1395 | D        | a shard shrike changed into a titan
  1395 | D        | Noticed a titan
  1395 | D        | a shard shrike changed into a titan
  1396 | D        | Noticed a shard shrike
  1397 | D        | Found a transporter.
  1398 | D        | Noticed a titan
  1398 | D        | a shard shrike changed into a titan
  1400 | D        | Killed a titan
  1402 | D        | a titan changed into a rockslime
  1404 | D        | Noticed a juggernaut
  1404 | D        | a rockslime changed into a juggernaut
  1408 | D        | Noticed a juggernaut
  1408 | D        | a titan changed into a juggernaut
  1410 | D        | Noticed a juggernaut
  1410 | D        | a titan changed into a juggernaut
  1412 | D        | a shard shrike changed into a shadow dragon
  1412 | D        | a juggernaut changed into a rockslime
  1416 | D        | Noticed a titan
  1416 | D        | a juggernaut changed into a titan
  1416 | D        | Noticed a shard shrike
  1416 | D        | a rockslime changed into a shard shrike
  1417 | D        | Killed a juggernaut
  1418 | D        | Noticed a shard shrike
  1418 | D        | a titan changed into a shard shrike
  1418 | D        | Noticed an iron giant
  1418 | D        | a shadow dragon changed into an iron giant
  1422 | D        | Killed a shard shrike
  1422 | D        | a shard shrike changed into a rockslime
  1424 | D        | Noticed a juggernaut
  1424 | D        | a rockslime changed into a juggernaut
  1426 | D        | Killed an iron giant
  1427 | D        | a juggernaut changed into a rockslime
  1430 | D        | Noticed a shard shrike
  1430 | D        | a rockslime changed into a shard shrike
  1435 | D        | Killed a shard shrike
  1436 | D        | Reached XP level 18. HP: 114/114 MP: 36/36
  1447 | D        | Got the amulet of Nodoasm {Spirit Dex+4 Stlth+}
  1457 | D        | Got the ring "Bil Raor" {rCorr AC+4}
  1467 | D        | Got the +2 pair of boots of the Sea {rElec rC+}
  1480 | D        | Got the ring "Lilor" {+Blink Str+6}
  1499 | D        | Entered arena 27.
  1509 | D        | Identified the ring of Ympiq {Fly rC+ AC+4 Int+2}
  1509 | D        | Identified the ring of Cealag {rPois rN+ Int-3 Dex+3
                  | Slay+2}
  1510 | D        | Identified the ring "Yhyicvie" {Fire Dex+3}
  1512 | D        | Identified the ring of the Will of the Gods {rElec rN+
                  | SInv}
  1515 | D        | Identified the +1 chain mail "Paonus" {+Blink rElec rC+
                  | Will+}
  1522 | D        | Found a transporter.
  1536 | D        | Got Duurar's Compendium of Bewitchment and Calling
  1558 | D        | Got The Intricacies of Wizardry
  1577 | D        | Entered arena 28.
  1586 | D        | Noticed an Ice Fiend
  1586 | D        | Noticed an Ice Fiend
  1586 | D        | Noticed an Ice Fiend
  1586 | D        | Noticed an Ice Fiend
  1586 | D        | Noticed an Ice Fiend
  1587 | D        | Killed an Ice Fiend
  1587 | D        | Killed an Ice Fiend
  1587 | D        | Killed an Ice Fiend
  1587 | D        | Noticed a shard shrike
  1587 | D        | Noticed a titan
  1588 | D        | Noticed an Ice Fiend
  1588 | D        | Noticed an Ice Fiend
  1588 | D        | Noticed an Ice Fiend
  1588 | D        | Noticed an Ice Fiend
  1588 | D        | Paralysed by a wendigo for 1 turns
  1588 | D        | Noticed an Ice Fiend
  1589 | D        | Noticed an Ice Fiend
  1589 | D        | Noticed an Ice Fiend
  1589 | D        | Noticed an Ice Fiend
  1589 | D        | Killed a shard shrike
  1590 | D        | Noticed a titan
  1594 | D        | Noticed a shard shrike
  1599 | D        | HP: 4/118 [Ice Fiend (3)]
  1600 | D        | Killed an Ice Fiend
  1600 | D        | Killed an Ice Fiend
  1600 | D        | Killed an Ice Fiend
  1600 | D        | Killed a shard shrike
  1600 | D        | Killed an Ice Fiend
  1600 | D        | Killed a titan
  1600 | D        | Killed an Ice Fiend
  1600 | D        | Killed a titan
  1600 | D        | Killed an Ice Fiend
  1600 | D        | Killed an Ice Fiend
  1600 | D        | Killed an Ice Fiend
  1600 | D        | Killed an Ice Fiend
  1600 | D        | Killed an Ice Fiend
  1601 | D        | Reached XP level 19. HP: 6/124 MP: 1/37
  1602 | D        | Killed an Ice Fiend
  1602 | D        | Killed an Ice Fiend
  1606 | D        | Found a transporter.
  1612 | D        | Got the ring "Jim Feeb" {rPois rF- EV+4 Dex+6}
  1623 | D        | Got the Disquisition on Supportive Stones
  1627 | D        | Got the Almanac of the Supportive Rocks
  1631 | D        | Got the ring "Jylul" {Fire Fly rElec Stlth+}
  1636 | D        | Got the Incunabulum of Fetching Heat
  1673 | D        | Got the Orb of Zot
  2129 | D        | Noticed a Tzitzimitl
  2137 | D        | Killed a Tzitzimitl
  2617 | D        | Noticed a profane servitor
  2627 | D        | Killed a profane servitor
  3243 | D        | Noticed Cuir the pandemonium lord
  3243 | D        | Noticed an ancient lich
  3253 | D        | Killed Cuir the pandemonium lord
  3257 | D        | Killed an ancient lich
  3519 | D        | Noticed Wyxterei the pandemonium lord
  3519 | D        | Noticed a Brimstone Fiend
  3521 | D        | Killed a Brimstone Fiend
  3522 | D        | Noticed a golden dragon
  3533 | D        | Killed Wyxterei the pandemonium lord
  3771 | D        | Noticed an Ice Fiend
  3781 | D        | Killed an Ice Fiend
  4216 | D        | Noticed Toeseron the pandemonium lord
  4230 | D        | Killed Toeseron the pandemonium lord
  4788 | D        | Reached XP level 20. HP: 133/133 MP: 38/38
  4825 | D        | Killed a Brimstone Fiend
  4879 | D        | Noticed a Tzitzimitl
  4889 | D        | Killed a Tzitzimitl
  4904 | D        | Escaped with the Orb!

Illustrated notes

Levels and vault maps discovered:
D:        sprint_v [room_start, room_1, room_2, room_3, room_4, room_5, room_6,
          room_7, room_8, room_9, room_10, room_11, room_12, room_13, room_14,
          room_15, room_16, room_17, room_18, room_19, room_20, room_21,
          room_22, room_23, room_24, room_25, room_26, room_27]

Skill      XL: |  1  2  3  4  5  6  7  8  9 10 11 12 13 14 15 16 17 18 19 |
---------------+----------------------------------------------------------+-----
Fighting       | 4 6 8 9 11 12 13 15 17 18 20 23 24 | 24.7
Axes           | 4 6 8 9 10 12 13 15 16 18 20 23 24 | 24.7
Armour         | 2 3 4 5 6 7 9 10 11 13 15 17 20 24 26 | 26.9
Dodging        | 3 4 5 7 8 10 11 12 14 15 17 20 24 26 | 26.9
Shields        | 3 5 7 8 10 11 13 15 18 20 22 24 25 | 25.8
Invocations    | 5 11 12 13 15 16 18 19 21 23 26 27 | 27.0
Stealth        | |  2.4

Action                   |  1- 3 |  4- 6 |  7- 9 | 10-12 | 13-15 | 16-18 | 19-21 || total
-------------------------+-------+-------+-------+-------+-------+-------+-------++-------
Melee: Broad axe         |     4 |     9 |    13 |    15 |    48 |   106 |   157 ||   352
       Bite              |       |     1 |     4 |    10 |    25 |    55 |    83 ||   178
Invok: Disaster Area     |       |       |     2 |     5 |    16 |     8 |       ||    31
       Elemental Force   |       |       |       |       |     1 |       |       ||     1
  Use: Potion            |       |     1 |       |     2 |     3 |     8 |       ||    14
       Scroll            |       |       |       |       |     2 |       |       ||     2
 Stab: Distracted        |       |       |     2 |       |       |     1 |     2 ||     5
       Invisible         |       |       |       |     3 |       |       |       ||     3
Armor: Gold dragon scale |       |     3 |     4 |       |    36 |    77 |    12 ||   132
Dodge: Dodged            |       |       |       |     3 |    13 |    33 |    13 ||    62
       Repelled          |       |       |       |       |       |     7 |     1 ||     8
Block: Kite shield       |       |    12 |    30 |    21 |   100 |   247 |   178 ||   588
       Reflection        |       |       |       |     1 |     4 |    17 |       ||    22

Table legend: (Time is in decaauts)
 A = Elapsed time spent in this place.
 B = Non-inter-level travel time spent in this place.
 C = Inter-level travel time spent in this place.
 D = Time resting spent in this place.
 E = Time spent auto-exploring this place.
 F = Levels seen in this place.
 G = Mean time per level.
                   A        B        C        D        E       F      G
               +--------+--------+--------+--------+--------+-----+--------+
         Total |   4848 |   4845 |      3 |   3396 |     13 |   1 | 4848.0 |
       Dungeon |   4848 |   4845 |      3 |   3396 |     13 |   1 | 4848.0 |
               +--------+--------+--------+--------+--------+-----+--------+

Top non-repeatable levels by time:
       D: 4848 daAuts
